 Dungeon Crawl Stone Soup version 0.29-a0-555-g3b24f45cc1 (webtiles) character file.

Game seed: 3930055542216121380

317 siradein the Skirmisher (level 6, 0/56 HPs)
             Began as a Hill Orc Fighter on June 8, 2022.
             Slain by Pikel
             ... wielding a +1 whip of flaming
              (3 damage)
             ... on level 4 of the Dungeon.
             The game lasted 00:07:28 (4398 turns).

siradein the Skirmisher (Hill Orc Fighter)          Turns: 4398, Time: 00:07:29

Health: 0/56       AC: 15    Str: 21    XL:     6   Next: 45%
Magic:  6/6        EV:  6    Int:  8    God:
Gold:   196        SH:  4    Dex: 10    Spells: 5/5 levels left

rFire   . . .      SeeInvis .   a - +0 war axe
rCold   + . .      Faith    .   c - +0 buckler
rNeg    . . .      Spirit   .   m - +0 plate armour
rPois   .          Reflect  .   r - +0 helmet
rElec   .          Harm     .   A - +0 cloak
rCorr   .          Rampage  .   j - +0 pair of gloves
Will    .....                   (no boots)
Stlth   ..........              (no amulet)
HPRegen 0.18/turn               v - ring of protection from cold
MPRegen 0.10/turn               (no ring)

@: no status effects
A: no striking features
a: no special abilities


You were on level 4 of the Dungeon.
You visited 1 branch of the dungeon, and saw 4 of its levels.

You collected 196 gold pieces.

Inventory:

Hand Weapons
 a - a +0 war axe (weapon)
Armour
 c - a +0 buckler (worn)
 j - a +0 pair of gloves (worn)
 m - a +0 plate armour (worn)
 r - a +0 helmet (worn)
 A - a +0 cloak (worn)
Jewellery
 t - a ring of fire
 v - a ring of protection from cold (left hand)
Wands
 o - a wand of paralysis (10)
Scrolls
 b - 2 scrolls of amnesia {unknown}
 e - a scroll of noise {unknown}
 f - a scroll of magic mapping {unknown}
 g - 3 scrolls of identify {unknown}
 i - a scroll of summoning {unknown}
 n - a scroll of brand weapon {unknown}
 p - a scroll of blinking {unknown}
 q - a scroll of immolation {unknown}
 u - a scroll of enchant weapon {unknown}
 x - a scroll of fear {unknown}
 y - a scroll of silence {unknown}
 B - a scroll of fog {unknown}
Potions
 d - a potion of might
 h - 2 potions of heal wounds {unknown}
 k - a potion of lignification {unknown}
 l - a potion of magic {unknown}
 s - a potion of mutation {unknown}
 w - a potion of attraction {unknown}
 z - a potion of curing {unknown}


   Skills:
 + Level 5.2 Fighting
 + Level 4.9 Axes
 + Level 4.7 Armour
 + Level 4.8 Shields


You had 5 spell levels left.
You didn't know any spells.
Your spell library contained the following spells:

 Spells                   Type           Power      Damage    Failure   Level
 Freeze                   Ice            0%         1d3       100%        1
 Dazzling Flash           Conj/Hex       0%         N/A       100%        3
 Ignite Poison            Fire/Tmut/Pois 0%         N/A       100%        3
 Mephitic Cloud           Conj/Pois/Air  0%         N/A       100%        3
 Agony                    Necr           0%         N/A       100%        5
 Fireball                 Conj/Fire      0%         3d3       100%        5
 Freezing Cloud           Conj/Ice/Air   0%         6-21      100%        5
 Silence                  Hex/Air        0%         N/A       100%        5


Dungeon Overview and Level Annotations

Branches:
Dungeon (4/15)
 Temple: D:4-7

Altars:
Ashenzari
Gozag
Sif Muna
Trog
Uskayaw
Wu Jian

Annotations:
D:4 1 runed translucent door, Crazy Yiuf, Pikel


Message History

Pikel is heavily wounded.
Pikel hits you with a +1 whip of flaming.
Pikel burns you.
You slash Pikel!
Pikel is severely wounded.
Pikel hits you but does no damage. x2
You barely miss Pikel.
Pikel is severely wounded.
Pikel barely misses you.
You hit Pikel.
Pikel is severely wounded.
Pikel hits you but does no damage.
You closely miss Pikel.
Pikel is severely wounded.
Pikel hits you with a +1 whip of flaming.
Pikel burns you.
You barely miss Pikel.
Pikel is severely wounded.
Pikel hits you with a +1 whip of flaming.
* * * LOW HITPOINT WARNING * * *
Pikel burns you.
* * * LOW HITPOINT WARNING * * *
You block Pikel's attack.
You closely miss Pikel.
Pikel is severely wounded.
Pikel hits you with a +1 whip of flaming!
* * * LOW HITPOINT WARNING * * *
Pikel burns you.
* * * LOW HITPOINT WARNING * * *
You closely miss Pikel.
Pikel is severely wounded.
Pikel barely misses you.
You closely miss Pikel.
Pikel is severely wounded.
Pikel closely misses you. You block Pikel's attack.
You hit Pikel.
Pikel is almost dead.
Pikel says, "Hell isn't that bad."
Pikel hits you with a +1 whip of flaming.
You die...

###..........#####.#######
.................#.#
###..........###.#.##############
################.#.##............
..... ........................
##### #######)#.##............
... .................#...... ###
#######K#.######.#.#####
#@#........#.# #...######.#.# ###
#.......#....#
##>########...###.#...######
#...##........# #...........
#.♣.##.###.###########.###..
#...#..# #.#............##..
##..######.#.##########.##..
######.....#.#.#<.......#..#..


You could see Pikel.

Vanquished Creatures
  2 lemures (D:4)
  Blork the orc (D:4)
  A scorpion (D:4)
  An iguana (D:4)
  A scorpion zombie (D:4)
  A hound zombie (D:4)
  A howler monkey skeleton (D:4)
  3 adders
  3 worms (D:2)
  2 dart slugs
  8 orcs
  4 ball pythons
  8 endoplasms
  A giant cockroach (D:3)
  5 goblins
  5 hobgoblins
  4 jackals
  4 quokkas
  7 bats
  4 frilled lizards
  7 kobolds
  2 rats
75 creatures vanquished.

Vanquished Creatures (others)
  2 withered plants (D:4)
2 creatures vanquished.

Grand Total: 77 creatures vanquished

Notes
Turn   | Place    | Note
-------+----------+-------------------------------------------
     0 | D:1      | siradein the Hill Orc Fighter began the quest for the Orb.
     0 | D:1      | Reached XP level 1. HP: 19/19 MP: 1/1
   243 | D:1      | Reached XP level 2. HP: 27/27 MP: 2/2
   671 | D:1      | Reached skill level 4 in Fighting
   728 | D:1      | Reached XP level 3. HP: 33/33 MP: 3/3
   813 | D:1      | Got the Guide on Flamy Snow
  1157 | D:2      | Found a faded altar of an unknown god.
  1404 | D:2      | You fall into a shaft and drop 1 floor!
  1860 | D:2      | Reached XP level 4. HP: 40/40 MP: 4/4
  2376 | D:3      | Found an opulent altar of Gozag.
  2500 | D:3      | Found a shimmering blue altar of Sif Muna.
  2681 | D:3      | Found a bloodstained altar of Trog.
  2682 | D:3      | Found a hide-covered altar of Uskayaw.
  2953 | D:4      | Noticed a scorpion
  2965 | D:4      | Killed a scorpion
  2966 | D:4      | Reached XP level 5. HP: 10/47 MP: 5/5
  2971 | D:3      | HP: 2/47 [poisoned by a scorpion]
  3367 | D:4      | Found an ornate altar of the Wu Jian Council.
  3385 | D:4      | Noticed a lemure
  3385 | D:4      | Noticed a lemure
  3415 | D:4      | Killed a lemure
  3420 | D:4      | Killed a lemure
  3498 | D:4      | Found a runed translucent door.
  3499 | D:4      | Noticed Crazy Yiuf
  3606 | D:4      | Found a broken altar of Ashenzari.
  3751 | D:4      | Noticed Blork the orc
  3763 | D:4      | Killed Blork the orc
  3764 | D:4      | Reached skill level 5 in Fighting
  3764 | D:4      | Reached XP level 6. HP: 53/56 MP: 6/6
  4369 | D:4      | Noticed Pikel
  4398 | D:4      | Slain by Pikel

Illustrated notes

Levels and vault maps discovered:
D:1:      eino_arrival_water_star, layout_loops_ring, corexii_hall_statues_s,
          minmay_pentomino_u4
D:2:      minmay_door_path, layout_basic,
          shapermc_ecumenical_altar_mp_ritualfount, hangedman_glass_teeth,
          minmay_liquid_box
D:3:      layout_loops_corners, mainiacjoe_overflow_24_doors,
          grunt_gozag_statues, mainiacjoe_overflow_divided_tiny
D:4:      layout_basic, mainiacjoe_overflow_tiny_flanked,
          mainiacjoe_overflow_six_doors_small, serial_undead, serial_undead_d,
          serial_undead_e, serial_undead_b, serial_undead_b, grunt_ministairs_4,
          uniq_blork_the_orc, uniq_crazy_yiuf_cottage, uniq_pikel

Skill      XL: |  1  2  3  4  5 |
---------------+----------------+-----
Axes           | 3 4 |  4.9
Fighting       | 4 5 |  5.2
Shields        | 4 |  4.8
Armour         | 4 |  4.7

Action                   |  1- 3 |  4- 6 || total
-------------------------+-------+-------++-------
Melee: War axe           |   111 |   171 ||   282
Armor: Scale mail        |    25 |       ||    25
       Plate armour      |    43 |   114 ||   157
Dodge: Dodged            |    36 |    41 ||    77
Block: Buckler           |    25 |    31 ||    56

Table legend: (Time is in decaauts)
 A = Elapsed time spent in this place.
 B = Non-inter-level travel time spent in this place.
 C = Inter-level travel time spent in this place.
 D = Time resting spent in this place.
 E = Time spent auto-exploring this place.
 F = Levels seen in this place.
 G = Mean time per level.
                   A        B        C        D        E       F      G
               +--------+--------+--------+--------+--------+-----+--------+
         Total |   4498 |   4439 |     59 |    312 |   3400 |   4 | 1124.5 |
       Dungeon |   4498 |   4439 |     59 |    312 |   3400 |   4 | 1124.5 |
               +--------+--------+--------+--------+--------+-----+--------+

Top non-repeatable levels by time:
     D:3: 1300 daAuts
     D:4: 1170 daAuts
     D:1: 1154 daAuts
     D:2: 872 daAuts
